Map: Backwater LE

Players

Classic

  • Race: Protoss Protoss
  • Spawn Location: 5:00

Dark - Winner!

  • Race: Zerg Zerg
  • Spawn Location: 11:00

Event: WESG 2017 Haikou

VOD

Have the link to the VOD?

Description

Time

  • Played on: March 17, 2018, 4:58 a.m.
  • Length: 7:16

All games in this series

Show
View Real Time Build Order
Export as new Build Order

Classic Protoss 

Build Orders: 1 Gate Expand, Oracle Opening, Phoenix Opening 

Get SALT Encoding   

  12  0:00  Probe  
  13  0:12  Probe  
  14  0:17  Pylon  
  14  0:24  Probe (Chrono Boost)  
  15  0:36  Probe (Chrono Boost)  
  15  0:38  Gateway  
  16  0:45  Probe (Chrono Boost)  
  16  0:47  Assimilator  
  17  0:51  Probe  
  18  1:03  Probe  
  19  1:15  Probe  
  20  1:27  Probe  
  20  1:31  Nexus  
  21  1:38  Cybernetics Core  
  21  1:42  Probe  
  22  1:47  Assimilator  
  22  1:53  Pylon  
  22  1:56  Probe  
  23  2:11  Probe  
  23  2:13  Adept (Chrono Boost)  
  26  2:16  Stargate  
  26  2:23  Probe  
  26  2:28  Warp Gate  
  27  2:32  Adept  
  27  2:35  Probe (Chrono Boost)  
  30  2:42  Probe (Chrono Boost)  
  31  2:48  Probe (Chrono Boost)  
  33  2:52  Probe (Chrono Boost)  
  33  2:54  Probe (Chrono Boost)  
  33  2:57  Probe (Chrono Boost)  
  34  3:00  Phoenix (Chrono Boost)  
  34  3:02  Probe  
  38  3:09  Probe  
  39  3:14  Pylon  
  39  3:17  Probe  
  40  3:21  Probe  
  40  3:22  Gateway  
  40  3:23  Oracle (Chrono Boost)  
  44  3:29  Probe  
  44  3:33  Probe  
  46  3:42  Nexus  
  46  3:44  Probe  
  46  3:45  Probe  
  48  3:50  Assimilator  
  48  3:52  Assimilator  
  48  3:56  Probe  
  48  3:57  Probe  
  50  4:03  Robotics Facility  
  50  4:07  Pylon  
  50  4:08  Probe  
  50  4:09  Probe  
  52  4:13  Twilight Council  
  52  4:20  Probe  
  52  4:21  Probe  
  52  4:23  Forge  
  54  4:28  Gateway  
  54  4:32  Gateway  
  54  4:39  Probe x2  
  54  4:41  Sentry  
  54  4:42  Sentry  
  57  4:48  Immortal (Chrono Boost), Pylon  
  61  4:56  Protoss Ground Weapons Level 1  
  61  4:58  Charge  
  61  5:06  Photon Cannon  
  61  5:08  Pylon  
  61  5:16  Pylon  
  61  5:18  Immortal (Chrono Boost)  
  65  5:26  Stalker  
  65  5:27  Stalker x2  
  71  5:31  Pylon  
  71  5:34  Stalker  
  73  5:40  Gateway  
  73  5:51  Immortal (Chrono Boost)  
  73  5:56  Zealot x3  
  80  6:01  Zealot  
  79  6:08  Pylon  
  75  6:16  Zealot  
  75  6:23  Zealot  
  75  6:24  Gateway  
  73  6:25  Gateway  
  73  6:30  Pylon  
  70  6:39  Zealot  
  74  6:45  Gateway  
  72  6:52  Zealot x2  
  65  7:00  Zealot  
Show
View Real Time Build Order
Export as new Build Order

Dark Zerg - Winner!

Build Orders: Hatch First 

Get SALT Encoding   

  12  0:00  Drone  
  13  0:12  Overlord  
  13  0:18  Drone  
  14  0:30  Drone x2  
  14  0:35  Drone  
  17  0:51  Hatchery  
  17  0:56  Drone  
  17  0:57  Drone  
  18  1:10  Extractor  
  17  1:13  Spawning Pool  
  17  1:15  Drone  
  17  1:19  Drone  
  18  1:27  Drone  
  19  1:39  Drone  
  20  1:51  Overlord  
  20  2:01  Zergling x2  
  21  2:05  Queen x2  
  21  2:06  Drone  
  26  2:11  Drone  
  26  2:13  Metabolic Boost  
  27  2:18  Drone  
  28  2:25  Drone  
  28  2:26  Drone  
  30  2:37  Hatchery  
  30  2:43  Queen  
  31  2:46  Drone  
  31  2:49  Drone  
  33  2:56  Overlord  
  33  2:57  Drone  
  34  2:58  Drone  
  34  2:59  Drone  
  36  3:14  Overlord  
  36  3:16  Drone x6  
  36  3:19  Drone  
  43  3:28  Drone  
  43  3:31  Overlord  
  44  3:34  Drone x2  
  44  3:38  Extractor  
  44  3:40  Roach Warren, Extractor  
  43  3:43  Queen  
  43  3:47  Drone  
  43  3:48  Drone x2  
  48  3:49  Spore Crawler  
  48  3:51  Drone  
  48  3:55  Spore Crawler  
  47  3:58  Drone x3  
  50  4:03  Overlord  
  50  4:06  Overlord  
  50  4:08  Overlord  
  50  4:13  Pneumatized Carapace  
  50  4:15  Evolution Chamber  
  49  4:20  Roach x2  
  49  4:23  Roach  
  55  4:26  Roach  
  55  4:29  Roach  
  55  4:31  Roach  
  61  4:34  Roach  
  63  4:41  Roach x2  
  63  4:42  Roach  
  69  4:46  Overlord  
  69  4:48  Zergling x2  
  69  4:49  Zergling x2  
  69  4:50  Zergling x2  
  72  4:54  Zergling x4  
  74  5:01  Overlord x2  
  74  5:08  Overlord, Zergling x6  
  74  5:10  Zergling x2  
  78  5:16  Ravager x4  
  82  5:21  Ravager  
  82  5:23  Zergling x4  
  82  5:24  Zergling x4  
  86  5:32  Ravager, Zergling x2  
  86  5:33  Zergling x10  
  93  5:38  Zergling x2  
  93  5:39  Zergling x2  
  93  5:40  Ravager  
  96  5:47  Ravager  
  95  5:53  Zergling x10  
  95  5:56  Roach  
  101  6:07  Ravager, Zergling x2  
  101  6:08  Zergling x4  
  96  6:19  Zergling x6  
  97  6:27  Zergling x6  
  100  6:37  Roach x2, Queen  
  100  6:57  Zergling x6  
Tags
 
Add a new tag
Caveats
  • Supply blocks, unpowered buildings, or Contaminate may cause inaccurate times.
  • Supply counts are checked every 10 seconds.